 Dungeon Crawl Stone Soup version 0.18.1-51-gd549091e01 (webtiles) character file.

16 Ge0ff the Digger (level 2, 0/17 HPs)
             Began as a High Elf Earth Elementalist on June 2, 2022.
             Hit by a stone thrown by a hobgoblin (5 damage)
             ... on level 1 of the Dungeon.
             The game lasted 00:03:12 (718 turns).

Ge0ff the Digger (High Elf Earth Elementalist)       Turns: 718, Time: 00:03:13

Health: 0/17       AC:  2    Str:  7    XL:     2   Next: 41%
Magic:  5/6        EV: 12    Int: 18    God:
Gold:   3          SH:  0    Dex: 15    Spells: 1 memorised, 5 levels left

rFire  . . .     SeeInvis .     a - +0 dagger
rCold  . . .     Gourm    .     V - +0 robe
rNeg   . . .     Faith    .     (no shield)
rPois  .         Spirit   .     (no helmet)
rElec  .         Dismiss  .     (no cloak)
rCorr  .         Reflect  .     (no gloves)
SustAt .         Harm     .     (no boots)
MR     .....                    (no amulet)
Stlth  ++........               (no ring)
                                (no ring)

@: not resistant to hostile enchantments, unstealthy
A: no striking features
a: no special abilities


You were on level 1 of the Dungeon.
You were not hungry.

You visited 1 branch of the dungeon, and saw 1 of its levels.

You collected 3 gold pieces.

Inventory:

Hand Weapons
 a - a +0 dagger (weapon)
Missiles
 b - 20 stones (quivered)
Armour
 V - a +0 robe (worn)
Scrolls
 s - a scroll of enchant armour
 T - a scroll of teleportation
Potions
 o - a potion of ambrosia
 L - a potion of lignification
Books
 c - a book of Geomancy

   Spells                             Type                      Level
   a - Sandblast                      Earth                        1
   b - Passwall                       Transmutation/Earth          2
   c - Stone Arrow                    Conjuration/Earth            3
   d - Petrify                        Transmutation/Earth          4
   e - Lee's Rapid Deconstruction     Earth                        5
Comestibles
 r - a bread ration
 t - 2 fruits
 v - 4 chunks of flesh


   Skills:
 - Level 2.1 Dodging
 - Level 2.1 Stealth
 + Level 2.5 Spellcasting
   Level 1.1 Transmutations
 - Level 3.0 Earth Magic


You had 5 spell levels left.
You knew the following spells:

 Your Spells              Type           Power        Failure   Level  Hunger
k - Sandblast             Erth           ##....       6%          1    #......


Dungeon Overview and Level Annotations

Branches:
Dungeon (1/15)

Altars:


Message History

Confirm with . or Enter, or press ? or * to list all spells.
Aiming: Sandblast
Press: ? - help, Shift-Dir - straight line, f/p - ball python
Aim: a ball python (moderately wounded, constricting you)
The blast of sand hits the ball python.
You kill the ball python!
You see here a ball python corpse.
You butcher the ball python corpse.
v - 4 chunks of flesh (gained 3)
You see here a ball python skeleton.
You start resting.
Magic restored.
HP restored.
W - a scroll labeled FITEYCEADI Read which item? (? for menu, Esc to quit)
As you read the scroll labeled FITEYCEADI, it crumbles to dust.
You feel as if something is helping you.
It was a scroll of remove curse.
Drop what? 12/52 slots (_ for help) (? for menu, Esc to quit)
You remove your ring of teleportation.
You drop an uncursed ring of teleportation.
Found a stone staircase leading down.
A goblin comes into view. It is wielding a club.
You hit the goblin but do no damage. The goblin hits you with a club.
You hit the goblin but do no damage. The goblin hits you but does no damage.
You hit the goblin.
The goblin is moderately wounded.
The goblin hits you with a club.
You are too injured to fight recklessly!
You are too injured to fight recklessly!
You hit the goblin.
The goblin is severely wounded.
The goblin hits you with a club.
The hobgoblin shouts!
You hit the goblin but do no damage.
The goblin is severely wounded.
The goblin barely misses you.
Casting: Sandblast
Confirm with . or Enter, or press ? or * to list all spells.
Aiming: Sandblast
Press: ? - help, Shift-Dir - straight line, f - goblin
Aim: a goblin, wielding a club (severely wounded)
The blast of sand hits the goblin.
You kill the goblin!
The hobgoblin throws a stone.
The stone hits you but does no damage.
The hobgoblin throws a stone.
The stone completely misses you.
The hobgoblin throws a stone.
The stone hits you.
* * * LOW HITPOINT WARNING * * *
The hobgoblin throws a stone.
The stone hits you.
You die...

.. .. ## .. .. .. .. #.
###... .. ##.#......# ..
####..... ..# ..
............. ..
#..(#####.# # #..@##b##..
#...##P##.##########
##>.##.##..=........
#..##.##.#.........
..###..#####.#.......).
..............#........รท
######.g......#.........
#.######.......####
#................


You could see a hobgoblin.

Vanquished Creatures
  A giant gecko (D:1)
  2 bats (D:1)
  A giant cockroach (D:1)
  A goblin (D:1)
  3 hobgoblins (D:1)
  A ball python (D:1)
  A giant newt (D:1)
  3 kobolds (D:1)
  2 rats (D:1)
15 creatures vanquished.

Notes
Turn   | Place    | Note
--------------------------------------------------------------
     0 | D:1      | Ge0ff the High Elf Earth Elementalist began the quest for the Orb.
     0 | D:1      | Reached XP level 1. HP: 11/11 MP: 4/4
   380 | D:1      | Reached XP level 2. HP: 16/17 MP: 3/6
   455 | D:1      | Reached skill level 3 in Earth Magic
   718 | D:1      | Hit by a stone thrown by a hobgoblin

Skill      XL: |  1  2 |
---------------+-------+-----
Earth Magic    | 3 |  3.0
Dodging        | |  2.1
Stealth        | |  2.1
Spellcasting   | |  2.5
Transmutations | |  1.1

Action                   || total
-------------------------++-------
Melee: Unarmed           ||    15
       Dagger            ||     8
 Cast: Sandblast         ||    31
  Use: Scroll            ||     5
Armor: Robe              ||     8
Dodge: Dodged            ||    23

Vault maps used:
D:1:      dpeg_arrival_orchard, serial_aquarium, aquarium_bridge_long_separate,
          aquarium_window_corridor_1, aquarium_window_fake,
          aquarium_window_fake, aquarium_window_fake, aquarium_view_2d,
          aquarium_view_2c
